 Dungeon Crawl Stone Soup version 0.28.0-53-g5a82cb258f (webtiles) character file.

Game seed: 16095532564438232914

228 hawla the Stinger (level 5, 0/57 HPs)
             Began as a Draconian Venom Mage on July 4, 2022.
             Slain by Grinder (4 damage)
             ... while paralysed by Grinder
             ... on level 2 of the Dungeon on July 18, 2022.
             The game lasted 00:12:40 (4135 turns).

hawla the Stinger (Draconian Venom Mage)            Turns: 4135, Time: 00:12:41

Health: 0/57       AC:  5    Str: 10    XL:     5   Next: 70%
Magic:  8/8        EV:  2    Int: 17    God:
Gold:   54         SH:  0    Dex: 12    Spells: 1/8 levels left

rFire   . . .      SeeInvis .   (no weapon)
rCold   . . .      Faith    .   (no shield)
rNeg    . . .      Spirit   .   (armour unavailable)
rPois   .          Reflect  .   (helmet restricted)
rElec   .          Harm     .   (no cloak)
rCorr   .          Rampage  .   (no gloves)
Will    .....                   (no boots)
Stlth   ..........              (no amulet)
HPRegen 0.19/turn               b - ring of flight
MPRegen 0.11/turn               (no ring)

@: paralysed, berserking, flying
A: AC +5, unfitting armour, cold-blooded
a: no special abilities


You were on level 2 of the Dungeon.
You visited 1 branch of the dungeon, and saw 3 of its levels.

You collected 54 gold pieces.

Inventory:

Missiles
 a - 5 boomerangs (quivered)
 d - 2 poisoned darts
Jewellery
 b - a ring of flight (left hand)
Scrolls
 h - a scroll of identify
 i - a scroll of enchant armour {unknown}


   Skills:
 - Level 2.0 Dodging
 - Level 2.0 Stealth
 - Level 2.3 Spellcasting
 - Level 1.1 Transmutations
 - Level 1.4 Air Magic
 + Level 5.8 Poison Magic


You had one spell level left.
You knew the following spells:

 Your Spells              Type           Power      Damage    Failure   Level
a - Sting                 Tmut/Pois      52%        1d5       4%          1
b - Poisonous Vapours     Pois/Air       28%        N/A       6%          2
c - Olgreb's Toxic Radia  Pois           21%        N/A       17%         4

Your spell library contained the following spells:

 Spells                   Type           Power      Damage    Failure   Level
 Mephitic Cloud           Conj/Pois/Air  10%        N/A       21%         3


Dungeon Overview and Level Annotations

Branches:
Dungeon (3/15)

Altars:

Annotations:
D:2 Grinder, Natasha


Innate Abilities, Weirdness & Mutations

Your plain brown scales are hard. (AC +5)
You cannot fit into any form of body armour.
You are cold-blooded and may be slowed by cold attacks.


Message History

Press: ? - help, Shift-Dir - straight line, f/p - Grinder
Aim: Grinder (moderately wounded, 68% to hit)
The sting misses Grinder.
Grinder barely misses you.
Grinder says, "Tell me all your secrets, or I'll kill you."
Grinder hits you.
You fly upwards.
Level annotation: Natasha
There is a stone staircase leading down here.
Grinder gestures at you.
You suddenly lose the ability to move!
You can move again.
Grinder blinks!
Grinder barely misses you.
You see here a +0 trident.
Grinder gestures at you.
You suddenly lose the ability to move!
Grinder gestures at you. Pain shoots through your body!
You can move again.
There is a stone staircase leading down here.
A red film seems to cover your vision as you go berserk!
You feel yourself moving faster!
You feel mighty! Grinder gestures at you. You resist with significant effort.
You barely miss Grinder.
Grinder is moderately wounded.
Grinder hits you.
You writhe in agony.
* * * LOW HITPOINT WARNING * * *
You hit Grinder.
Grinder is heavily wounded.
Grinder gestures at you.
You suddenly lose the ability to move!
Grinder hits you.
* * * LOW HITPOINT WARNING * * *
Grinder gestures at you. Pain shoots through your body!
* * * LOW HITPOINT WARNING * * *
Grinder completely misses you. Grinder hits you.
You die...

#.#........#.........
#.#####.(.##....##...
#.#.......#.....###..
##...#.......#....###.
#..##.>..####...[.....
##..#...### ##.........
#......######..........
#..)##.##...).....###.<
#######....[@5........###
#..
#............#####..###
##. #..........### #..#
## #........### #..# #
#.......## #### #
#.......# #.......#
#.......# #.......#


You could see Grinder.

Vanquished Creatures
  A hound (D:2)
  2 orc wizards (D:3)
  Natasha (D:2)
  4 gnolls
  3 adders (D:2)
  5 orcs
  5 ball pythons
  8 endoplasms
  A goblin (D:3)
  3 hobgoblins
  A quokka (D:2)
  5 bats
  10 frilled lizards
  10 kobolds
  6 rats
65 creatures vanquished.

Notes
Turn   | Place    | Note
-------+----------+-------------------------------------------
     0 | D:1      | hawla the Draconian Venom Mage began the quest for the Orb.
     0 | D:1      | Reached XP level 1. HP: 14/14 MP: 3/3
   354 | D:1      | Reached XP level 2. HP: 20/20 MP: 3/5
   357 | D:1      | Learned a level 2 spell: Poisonous Vapours
  1827 | D:2      | Reached XP level 3. HP: 18/26 MP: 2/6
  1986 | D:2      | Reached skill level 1 in Air Magic
  1989 | D:2      | Reached skill level 4 in Poison Magic
  2291 | D:2      | Reached XP level 4. HP: 22/33 MP: 2/7
  3034 | D:3      | Found a faded altar of an unknown god.
  3058 | D:3      | Learned a level 4 spell: Olgreb's Toxic Radiance
  3229 | D:3      | Noticed Grinder
  3275 | D:2      | Reached skill level 5 in Poison Magic
  3275 | D:2      | Reached XP level 5. HP: 34/38 MP: 0/8
  3405 | D:3      | Noticed Natasha
  3447 | D:2      | Killed Natasha
  3651 | D:2      | Noticed Natasha
  4100 | D:3      | Paralysed by Grinder for 3 turns
  4114 | D:2      | Paralysed by Grinder for 2 turns
  4124 | D:2      | Paralysed by Grinder for 3 turns
  4131 | D:2      | Paralysed by Grinder for 4 turns
  4135 | D:2      | Slain by Grinder

Illustrated notes

Levels and vault maps discovered:
D:1:      scummos_arrival_star, layout_loops_corners, minmay_lizard_pond
D:2:      layout_rooms
D:3:      layout_rooms, overflow_temple_1_default,
          dreamdust_ecumenical_altar_statues, hangedman_glass_teeth,
          uniq_grinder, uniq_terence, uniq_natasha

Skill      XL: |  1  2  3  4 |
---------------+-------------+-----
Air Magic      | 1 |  1.4
Poison Magic   | 4 5 |  5.8
Dodging        | 2 |  2.0
Stealth        | 2 |  2.0
Spellcasting   | |  2.3
Transmutations | |  1.1

Action                   |  1- 3 |  4- 6 || total
-------------------------+-------+-------++-------
Melee: Unarmed           |    62 |    40 ||   102
       Tailslap          |     5 |     4 ||     9
       Punch             |     1 |       ||     1
Throw: Javelin           |       |     4 ||     4
 Cast: Sting             |    45 |    25 ||    70
       Poisonous Vapours |    19 |    31 ||    50
       Olgreb's Toxic Ra |       |     2 ||     2
  Use: Scroll            |     1 |     2 ||     3
       Potion            |       |     4 ||     4
Armor: Skin              |    25 |    32 ||    57
Dodge: Dodged            |    45 |    45 ||    90
